[ AOE2 MATCH · #470032356 ]
UnrankedMagyars vs Tatars
[ REPLAY ANALYSIS · EXTRACTED FROM THE RECORDED GAME ]
Feudal
23:33
Castle
—
Imperial
—
| APM avg | 54.7 |
| APM peak | 78 |
| eAPM avg | 29.6 |
| Villagers / military | 67 / 0 |
Focus
⚔️ 43.6% · 🌾 56.4%
Feudal
10:01
Castle
—
Imperial
—
| APM avg | 56.7 |
| APM peak | 95 |
| eAPM avg | 30.1 |
| Villagers / military | 48 / 23 |
Focus
⚔️ 31.1% · 🌾 68.9%
Archer ×21 · Spearman ×2
Feudal
9:45
Castle
—
Imperial
—
| APM avg | 50.7 |
| APM peak | 77 |
| eAPM avg | 16.6 |
| Villagers / military | 48 / 42 |
Focus
⚔️ 40.1% · 🌾 59.9%
Scout Cavalry ×32 · Spearman ×10
Feudal
10:21
Castle
—
Imperial
—
| APM avg | 63.3 |
| APM peak | 96 |
| eAPM avg | 22.2 |
| Villagers / military | 66 / 31 |
Focus
⚔️ 30.9% · 🌾 69.1%
Scout Cavalry ×27 · Spearman ×4
Feudal
22:30
Castle
—
Imperial
—
| APM avg | 55.3 |
| APM peak | 100 |
| eAPM avg | 31.8 |
| Villagers / military | 65 / 0 |
Focus
⚔️ 28.8% · 🌾 71.2%
Feudal
16:11
Castle
—
Imperial
—
| APM avg | 57.1 |
| APM peak | 105 |
| eAPM avg | 24.8 |
| Villagers / military | 47 / 14 |
Focus
⚔️ 24.1% · 🌾 75.9%
Scout Cavalry ×8 · Militia ×3 · Spearman ×3
Match map
Initial resources + every placement click. Lines = walls · curves = elevation contours. ◆ gold · ⬟ stone · ● berries · ✦ relic · ◌ wall gap
Your base· Open — 3t gap
DK | MF's base· Open — unwalled flank
AgentP_97's base· Open — unwalled flank
DK | Mauseren's base· Open — unwalled flank
SuperMAARusher's base· Open — unwalled flank
DK | Kongen_42's base· Open — unwalled flank
Smoothed initial terrain · ◌ = detected wall gap · hover for details
Inputs per minute
— Deaf Vader - - DK | MF
Build order — Deaf Vader
First 150 of 171 actions detected
| 0:01 | Create | Villager (Male) ×4 |
| 0:02 | Create | Villager (Male) ×4 |
| 0:03 | Build | House |
| 0:04 | Build | House |
| 0:44 | Research | Loom |
| 0:44 | Research | Loom |
| 1:24 | Create | Villager (Male) |
| 1:24 | Create | Villager (Male) |
| 2:07 | Build | Palisade Gate |
| 2:13 | Create | Villager (Male) |
| 2:13 | Create | Villager (Male) |
| 2:38 | Create | Villager (Male) |
| 2:38 | Create | Villager (Male) |
| 2:58 | Build | Mill |
| 2:59 | Create | Villager (Male) |
| 2:59 | Create | Villager (Male) |
| 3:19 | Research | Loom |
| 3:19 | Research | Loom |
| 3:34 | Create | Villager (Male) |
| 3:34 | Create | Villager (Male) |
| 4:25 | Create | Villager (Male) |
| 4:25 | Create | Villager (Male) |
| 4:25 | Create | Villager (Male) |
| 5:17 | Build | Lumber Camp |
| 5:41 | Create | Villager (Male) |
| 5:41 | Create | Villager (Male) |
| 5:42 | Create | Villager (Male) |
| 6:06 | Create | Villager (Male) |
| 6:06 | Create | Villager (Male) |
| 6:08 | Build | House |
| 6:36 | Create | Villager (Male) |
| 6:36 | Create | Villager (Male) |
| 7:38 | Create | Villager (Male) |
| 7:39 | Create | Villager (Male) |
| 8:53 | Create | Villager (Male) |
| 8:53 | Create | Villager (Male) |
| 8:53 | Create | Villager (Male) |
| 9:29 | Build | Palisade Gate |
| 9:33 | Create | Villager (Male) |
| 9:34 | Create | Villager (Male) |
| 9:34 | Create | Villager (Male) |
| 10:16 | Create | Villager (Male) |
| 10:16 | Create | Villager (Male) |
| 10:21 | Build | Mill |
| 10:40 | Create | Villager (Male) |
| 10:40 | Create | Villager (Male) |
| 10:46 | Build | Palisade Wall |
| 10:48 | Build | Palisade Wall |
| 10:49 | Build | Palisade Wall |
| 11:04 | Create | Villager (Male) |
| 11:05 | Create | Villager (Male) |
| 11:12 | Build | Palisade Wall |
| 11:13 | Build | Palisade Wall |
| 11:14 | Build | Palisade Wall |
| 11:29 | Build | Farm |
| 11:52 | Create | Villager (Male) |
| 11:52 | Create | Villager (Male) |
| 11:54 | Build | Farm |
| 12:10 | Build | House |
| 12:18 | Build | Palisade Wall |
| 12:19 | Build | Palisade Wall |
| 12:21 | Build | Palisade Wall |
| 12:22 | Build | Palisade Wall |
| 12:25 | Build | Palisade Wall |
| 12:27 | Build | Palisade Wall |
| 12:28 | Build | Palisade Wall |
| 12:43 | Build | House |
| 12:50 | Build | Palisade Wall |
| 12:52 | Build | Palisade Wall |
| 12:57 | Build | Palisade Wall |
| 12:59 | Build | Palisade Wall |
| 13:00 | Build | Palisade Wall |
| 13:01 | Build | Palisade Wall |
| 13:04 | Build | Palisade Wall |
| 13:15 | Create | Villager (Male) |
| 13:15 | Create | Villager (Male) |
| 13:16 | Create | Villager (Male) |
| 13:21 | Build | Palisade Wall |
| 13:22 | Build | Palisade Wall |
| 13:24 | Build | Palisade Wall |
| 13:58 | Create | Villager (Male) |
| 14:02 | Build | Farm |
| 14:03 | Build | Farm |
| 14:16 | Build | Palisade Wall |
| 14:20 | Build | Palisade Wall |
| 14:25 | Build | Farm |
| 14:30 | Build | Palisade Wall |
| 14:32 | Build | Palisade Wall |
| 14:40 | Build | Palisade Wall |
| 14:51 | Create | Villager (Male) |
| 14:51 | Create | Villager (Male) |
| 15:04 | Build | Palisade Wall |
| 15:09 | Build | Palisade Wall |
| 15:10 | Build | Palisade Wall |
| 15:16 | Build | Palisade Wall |
| 15:23 | Create | Villager (Male) |
| 15:23 | Create | Villager (Male) |
| 15:41 | Build | Palisade Wall |
| 15:42 | Build | Palisade Wall |
| 15:44 | Build | Farm |
| 15:45 | Build | Farm |
| 15:56 | Build | Palisade Wall |
| 15:57 | Build | Palisade Wall |
| 16:27 | Create | Villager (Male) |
| 16:27 | Create | Villager (Male) |
| 16:43 | Build | Farm |
| 17:06 | Create | Villager (Male) |
| 17:06 | Create | Villager (Male) |
| 17:06 | Create | Villager (Male) |
| 17:10 | Build | Farm |
| 17:20 | Build | Palisade Wall |
| 17:31 | Create | Villager (Male) |
| 17:31 | Create | Villager (Male) |
| 17:31 | Create | Villager (Male) |
| 17:37 | Build | Palisade Wall |
| 17:43 | Build | Palisade Wall |
| 17:44 | Build | Palisade Wall |
| 17:46 | Build | Palisade Wall |
| 17:53 | Create | Villager (Male) |
| 17:53 | Create | Villager (Male) |
| 17:53 | Create | Villager (Male) |
| 18:03 | Build | Farm |
| 18:12 | Build | Palisade Wall |
| 18:13 | Build | Palisade Wall |
| 18:14 | Build | Palisade Wall |
| 18:25 | Build | Palisade Wall |
| 18:26 | Build | Palisade Wall |
| 18:35 | Build | Palisade Wall |
| 18:42 | Build | Farm |
| 18:54 | Build | Palisade Wall |
| 18:55 | Build | Palisade Wall |
| 19:04 | Create | Villager (Male) |
| 19:06 | Build | Farm |
| 19:18 | Build | Palisade Wall |
| 19:23 | Build | Palisade Wall |
| 19:32 | Build | Palisade Wall |
| 19:37 | Build | Palisade Wall |
| 19:39 | Create | Villager (Male) |
| 19:42 | Build | Farm |
| 19:42 | Create | Villager (Male) |
| 19:42 | Create | Villager (Male) |
| 19:55 | Build | Palisade Wall |
| 20:07 | Build | Palisade Wall |
| 20:16 | Build | Palisade Wall |
| 20:28 | Build | Palisade Wall |
| 20:29 | Build | Palisade Wall |
| 20:33 | Build | Palisade Wall |
| 20:39 | Build | Mining Camp |
| 20:46 | Build | Palisade Wall |
| 20:54 | Build | House |
Build order — DK | MF
126 actions detected in the replay
| 0:00 | Create | Villager (Male) |
| 0:01 | Build | House |
| 0:02 | Build | House |
| 0:03 | Create | Villager (Male) |
| 0:03 | Create | Villager (Male) |
| 0:03 | Create | Villager (Male) |
| 1:28 | Create | Villager (Male) |
| 2:03 | Create | Villager (Male) |
| 2:20 | Build | Lumber Camp |
| 2:26 | Create | Villager (Male) |
| 2:28 | Create | Villager (Male) |
| 3:18 | Create | Villager (Male) |
| 3:18 | Create | Villager (Male) |
| 4:15 | Build | House |
| 4:16 | Create | Villager (Male) |
| 4:16 | Create | Villager (Male) |
| 4:17 | Create | Villager (Male) |
| 4:17 | Create | Villager (Male) |
| 4:38 | Create | Villager (Male) |
| 4:53 | Research | Loom |
| 5:02 | Create | Villager (Male) |
| 5:13 | Create | Villager (Male) |
| 5:20 | Create | Villager (Male) |
| 5:36 | Create | Villager (Male) |
| 5:54 | Build | Lumber Camp |
| 5:55 | Create | Villager (Male) |
| 6:09 | Build | House |
| 6:14 | Create | Villager (Male) |
| 6:41 | Create | Villager (Male) |
| 6:45 | Create | Villager (Male) |
| 7:00 | Build | Mining Camp |
| 7:05 | Create | Villager (Male) |
| 7:51 | Research | Feudal Age |
| 8:36 | Create | Villager (Male) |
| 9:00 | Build | Barracks |
| 9:03 | Build | House |
| 9:05 | Build | Palisade Wall |
| 9:09 | Create | Villager (Male) |
| 10:01 | Age | Feudal Age |
| 10:03 | Create | Villager (Male) |
| 10:06 | Build | Archery Range |
| 10:09 | Create | Villager (Male) |
| 10:39 | Build | Blacksmith |
| 10:53 | Create | Villager (Male) |
| 11:18 | Create | Archer |
| 11:19 | Create | Archer |
| 11:20 | Create | Villager (Male) |
| 11:37 | Build | Mill |
| 11:45 | Create | Archer |
| 11:46 | Create | Villager (Male) |
| 12:06 | Build | House |
| 12:07 | Build | Palisade Wall |
| 12:07 | Build | Palisade Wall |
| 12:09 | Create | Archer |
| 12:20 | Create | Archer |
| 12:26 | Research | Fletching |
| 12:40 | Create | Archer |
| 12:41 | Create | Archer |
| 12:59 | Create | Archer |
| 13:02 | Create | Archer |
| 13:14 | Create | Villager (Male) |
| 13:39 | Create | Archer |
| 13:42 | Build | House |
| 13:45 | Build | Palisade Wall |
| 13:46 | Build | Palisade Wall |
| 13:49 | Build | Palisade Wall |
| 13:50 | Build | Palisade Wall |
| 13:51 | Build | Palisade Wall |
| 13:53 | Build | Palisade Wall |
| 13:54 | Build | Palisade Wall |
| 13:54 | Build | Palisade Wall |
| 13:56 | Create | Archer |
| 14:04 | Build | Town Center |
| 14:07 | Create | Archer |
| 14:18 | Create | Archer |
| 14:29 | Build | House |
| 14:30 | Build | House |
| 14:33 | Create | Archer |
| 14:48 | Create | Spearman |
| 15:14 | Create | Spearman |
| 15:38 | Build | Town Center |
| 15:49 | Build | Palisade Wall |
| 16:03 | Create | Archer |
| 16:06 | Create | Archer |
| 16:34 | Build | Farm |
| 16:34 | Build | Farm |
| 16:35 | Build | Farm |
| 16:35 | Build | Farm |
| 16:35 | Build | Farm |
| 16:35 | Build | Farm |
| 16:49 | Create | Archer |
| 17:09 | Build | Farm |
| 17:09 | Build | Farm |
| 17:10 | Build | Farm |
| 17:10 | Build | Farm |
| 17:30 | Build | Farm |
| 17:52 | Create | Villager (Male) |
| 18:20 | Create | Villager (Male) |
| 18:38 | Create | Villager (Male) |
| 19:02 | Create | Villager (Male) |
| 19:24 | Build | Farm |
| 19:25 | Build | Farm |
| 19:26 | Build | Farm |
| 19:50 | Create | Villager (Male) |
| 19:50 | Create | Villager (Male) |
| 19:55 | Create | Villager (Male) |
| 20:14 | Create | Archer |
| 20:37 | Build | Farm |
| 20:37 | Create | Villager (Male) |
| 20:48 | Create | Archer |
| 20:49 | Create | Villager (Male) |
| 20:53 | Create | Villager (Male) |
| 21:24 | Create | Archer |
| 21:28 | Create | Villager (Male) |
| 21:37 | Create | Villager (Male) |
| 21:50 | Create | Villager (Male) |
| 21:58 | Build | Palisade Wall |
| 22:00 | Build | Palisade Wall |
| 22:01 | Build | Palisade Wall |
| 22:26 | Create | Archer |
| 22:31 | Create | Villager (Male) |
| 22:33 | Build | Farm |
| 23:00 | Create | Villager (Male) |
| 23:07 | Build | Farm |
| 24:07 | Build | Farm |
| 24:08 | Create | Villager (Male) |
Build order — AgentP_97
First 150 of 154 actions detected
| 0:00 | Create | Villager (Male) ×4 |
| 0:02 | Build | House |
| 0:02 | Build | House |
| 1:36 | Create | Villager (Male) |
| 1:55 | Create | Villager (Male) |
| 2:00 | Build | Lumber Camp |
| 2:18 | Create | Villager (Male) |
| 2:18 | Create | Villager (Male) |
| 2:38 | Create | Villager (Male) |
| 2:52 | Create | Villager (Male) |
| 3:14 | Build | House |
| 3:31 | Create | Villager (Male) |
| 3:49 | Create | Villager (Male) |
| 3:59 | Create | Villager (Male) |
| 4:20 | Create | Villager (Male) |
| 4:33 | Build | Mill |
| 4:45 | Create | Villager (Male) |
| 5:05 | Create | Villager (Male) |
| 5:16 | Create | Villager (Male) |
| 5:29 | Create | Villager (Male) |
| 6:02 | Create | Villager (Male) |
| 6:35 | Research | Loom |
| 6:49 | Build | House |
| 6:52 | Build | House |
| 7:12 | Build | Farm |
| 7:21 | Build | Farm |
| 7:35 | Research | Feudal Age |
| 8:09 | Create | Villager (Male) |
| 8:45 | Build | Barracks |
| 9:45 | Age | Feudal Age |
| 9:47 | Build | Stable |
| 9:48 | Create | Villager (Male) |
| 9:49 | Research | Double-Bit Axe |
| 9:50 | Create | Villager (Male) |
| 10:06 | Create | Villager (Male) |
| 10:11 | Build | Palisade Wall |
| 10:13 | Build | Palisade Wall |
| 10:21 | Build | Farm |
| 10:28 | Create | Scout Cavalry |
| 10:29 | Create | Scout Cavalry |
| 10:36 | Build | Farm |
| 10:37 | Create | Villager (Male) |
| 10:55 | Build | Farm |
| 11:01 | Create | Scout Cavalry |
| 11:08 | Build | Farm |
| 11:17 | Create | Villager (Male) |
| 11:20 | Build | Farm |
| 11:41 | Create | Scout Cavalry |
| 11:46 | Build | Farm |
| 12:10 | Create | Villager (Male) |
| 12:12 | Build | Farm |
| 12:21 | Create | Scout Cavalry |
| 12:28 | Create | Scout Cavalry |
| 12:35 | Create | Villager (Male) |
| 12:37 | Build | Farm |
| 13:07 | Create | Villager (Male) |
| 13:09 | Build | Farm |
| 13:10 | Build | House |
| 13:23 | Create | Scout Cavalry |
| 13:24 | Create | Villager (Male) |
| 13:26 | Build | Mining Camp |
| 13:29 | Build | House |
| 13:41 | Build | Farm |
| 13:59 | Create | Scout Cavalry |
| 14:01 | Create | Villager (Male) |
| 14:15 | Build | Farm |
| 14:20 | Create | Scout Cavalry |
| 14:28 | Create | Villager (Male) |
| 14:30 | Build | Farm |
| 14:35 | Create | Scout Cavalry |
| 14:50 | Create | Scout Cavalry |
| 15:02 | Create | Villager (Male) |
| 15:04 | Create | Scout Cavalry |
| 15:08 | Create | Villager (Male) |
| 15:11 | Build | Blacksmith |
| 15:44 | Build | Stable |
| 15:52 | Research | Horse Collar |
| 15:58 | Research | Forging |
| 16:00 | Create | Villager (Male) |
| 16:11 | Research | Bloodlines |
| 16:22 | Create | Villager (Male) |
| 16:22 | Build | Farm |
| 16:23 | Build | Farm |
| 16:34 | Build | Palisade Gate |
| 16:39 | Create | Villager (Male) |
| 16:58 | Create | Villager (Male) |
| 17:05 | Build | Farm |
| 17:10 | Create | Villager (Male) |
| 17:18 | Build | Palisade Wall |
| 17:20 | Create | Scout Cavalry |
| 17:31 | Build | Farm |
| 17:34 | Create | Scout Cavalry |
| 17:37 | Build | Farm |
| 17:38 | Build | Farm |
| 17:39 | Build | Farm |
| 17:40 | Build | Farm |
| 17:50 | Create | Scout Cavalry |
| 17:55 | Create | Villager (Male) |
| 17:56 | Build | Farm |
| 18:04 | Build | Farm |
| 18:05 | Build | Farm |
| 18:06 | Build | Farm |
| 18:10 | Create | Villager (Male) |
| 18:11 | Build | House |
| 18:12 | Build | House |
| 18:20 | Create | Scout Cavalry |
| 18:25 | Research | Scale Barding Armor |
| 18:39 | Create | Scout Cavalry |
| 18:46 | Create | Villager (Male) |
| 18:47 | Build | Farm |
| 18:50 | Build | Farm |
| 18:54 | Build | Farm |
| 19:02 | Create | Villager (Male) |
| 19:11 | Create | Scout Cavalry |
| 19:12 | Create | Scout Cavalry |
| 19:15 | Build | Farm |
| 19:29 | Create | Scout Cavalry |
| 19:34 | Create | Scout Cavalry |
| 19:39 | Build | Farm |
| 19:49 | Build | Farm |
| 19:52 | Create | Scout Cavalry |
| 19:53 | Create | Scout Cavalry |
| 19:59 | Create | Villager (Male) |
| 20:33 | Create | Villager (Male) |
| 20:35 | Build | Farm |
| 20:38 | Create | Scout Cavalry |
| 20:38 | Create | Scout Cavalry |
| 20:46 | Create | Spearman |
| 20:46 | Create | Spearman |
| 21:01 | Create | Spearman |
| 21:02 | Create | Villager (Male) |
| 21:06 | Build | Farm |
| 21:20 | Create | Scout Cavalry |
| 21:21 | Create | Scout Cavalry |
| 21:30 | Create | Villager (Male) |
| 21:34 | Create | Spearman |
| 21:34 | Create | Spearman |
| 21:40 | Create | Spearman |
| 21:49 | Build | House |
| 21:51 | Build | Palisade Wall |
| 21:54 | Build | Palisade Wall |
| 22:00 | Create | Scout Cavalry |
| 22:00 | Create | Scout Cavalry |
| 22:18 | Create | Villager (Male) |
| 22:22 | Create | Spearman |
| 22:27 | Create | Spearman |
| 22:36 | Create | Scout Cavalry |
| 22:37 | Create | Scout Cavalry |
| 22:38 | Create | Scout Cavalry |
| 22:56 | Build | Watch Tower |
Build order — DK | Mauseren
First 150 of 156 actions detected
| 0:00 | Create | Villager (Male) |
| 0:01 | Create | Villager (Male) |
| 0:01 | Create | Villager (Male) |
| 0:02 | Build | House |
| 0:03 | Build | House |
| 0:06 | Create | Villager (Male) |
| 1:34 | Create | Villager (Male) |
| 1:59 | Create | Villager (Male) |
| 2:13 | Create | Villager (Male) |
| 2:33 | Create | Villager (Male) |
| 3:19 | Create | Villager (Male) |
| 3:21 | Create | Villager (Male) |
| 3:29 | Create | Villager (Male) |
| 3:32 | Build | Lumber Camp |
| 4:38 | Create | Villager (Male) |
| 4:41 | Research | Loom |
| 4:43 | Build | House |
| 5:02 | Create | Villager (Male) |
| 5:28 | Create | Villager (Male) |
| 5:50 | Create | Villager (Male) |
| 6:01 | Build | House |
| 6:07 | Build | Mill |
| 6:20 | Create | Villager (Male) |
| 6:35 | Create | Villager (Male) |
| 6:37 | Create | Villager (Male) |
| 6:41 | Create | Villager (Male) |
| 6:47 | Create | Villager (Male) |
| 7:26 | Create | Villager (Male) |
| 7:49 | Build | Mill |
| 8:11 | Research | Feudal Age |
| 8:51 | Create | Villager (Male) |
| 8:52 | Create | Villager (Male) |
| 8:56 | Create | Villager (Male) |
| 9:18 | Create | Villager (Male) |
| 9:27 | Create | Villager (Male) |
| 9:28 | Create | Villager (Male) |
| 9:54 | Create | Villager (Male) |
| 10:06 | Create | Villager (Male) |
| 10:09 | Build | Barracks |
| 10:21 | Age | Feudal Age |
| 10:32 | Research | Double-Bit Axe |
| 10:34 | Research | Horse Collar |
| 10:54 | Build | Stable |
| 10:58 | Create | Villager (Male) |
| 11:25 | Build | Farm |
| 11:26 | Build | Farm |
| 11:27 | Create | Scout Cavalry |
| 11:28 | Create | Scout Cavalry |
| 11:28 | Create | Villager (Male) |
| 11:33 | Build | House |
| 11:35 | Build | House |
| 11:36 | Build | House |
| 11:37 | Create | Villager (Male) |
| 11:40 | Create | Villager (Male) |
| 12:04 | Build | Farm |
| 12:07 | Build | Farm |
| 12:11 | Create | Spearman |
| 12:23 | Build | Farm |
| 12:44 | Create | Villager (Male) |
| 12:51 | Create | Villager (Male) |
| 13:14 | Create | Scout Cavalry |
| 13:39 | Create | Spearman |
| 13:40 | Create | Villager (Male) |
| 13:47 | Create | Villager (Male) |
| 13:49 | Build | Farm |
| 13:49 | Build | Farm |
| 13:50 | Build | Farm |
| 13:50 | Build | Farm |
| 14:03 | Create | Spearman |
| 14:23 | Create | Villager (Male) |
| 14:29 | Build | Farm |
| 14:30 | Build | Farm |
| 14:32 | Build | Farm |
| 14:33 | Build | Farm |
| 14:34 | Build | Farm |
| 14:35 | Create | Villager (Male) |
| 14:41 | Create | Villager (Male) |
| 14:56 | Build | Farm |
| 15:13 | Create | Villager (Male) |
| 15:15 | Build | Farm |
| 15:17 | Create | Villager (Male) |
| 15:21 | Create | Villager (Male) |
| 15:29 | Create | Villager (Male) |
| 15:33 | Create | Scout Cavalry |
| 15:33 | Create | Scout Cavalry |
| 15:50 | Create | Villager (Male) |
| 15:53 | Create | Scout Cavalry |
| 15:55 | Create | Villager (Male) |
| 15:57 | Build | Farm |
| 15:58 | Build | Farm |
| 16:02 | Build | Stable |
| 16:09 | Create | Scout Cavalry |
| 16:19 | Create | Villager (Male) |
| 16:25 | Build | Farm |
| 16:32 | Create | Villager (Male) |
| 16:40 | Create | Scout Cavalry |
| 16:43 | Create | Scout Cavalry |
| 17:09 | Build | House |
| 17:10 | Build | House |
| 17:11 | Create | Villager (Male) |
| 17:15 | Create | Villager (Male) |
| 17:22 | Create | Scout Cavalry |
| 17:26 | Create | Villager (Male) |
| 17:28 | Build | Blacksmith |
| 17:29 | Create | Villager (Male) |
| 18:00 | Create | Spearman |
| 18:02 | Create | Scout Cavalry |
| 18:02 | Create | Scout Cavalry |
| 18:21 | Create | Villager (Male) |
| 18:22 | Create | Scout Cavalry |
| 18:28 | Research | Scale Barding Armor |
| 18:28 | Create | Villager (Male) |
| 18:30 | Build | Mining Camp |
| 18:30 | Create | Villager (Male) |
| 18:33 | Create | Scout Cavalry |
| 18:49 | Create | Villager (Male) |
| 18:52 | Build | Farm |
| 18:54 | Build | Farm |
| 19:10 | Create | Scout Cavalry |
| 19:10 | Create | Scout Cavalry |
| 19:14 | Create | Villager (Male) |
| 19:16 | Build | House |
| 19:17 | Build | House |
| 19:19 | Build | House |
| 19:22 | Build | Palisade Wall |
| 19:28 | Research | Forging |
| 19:34 | Create | Villager (Male) |
| 19:38 | Create | Scout Cavalry |
| 19:39 | Create | Villager (Male) |
| 19:42 | Create | Scout Cavalry |
| 19:44 | Create | Villager (Male) |
| 20:00 | Create | Scout Cavalry |
| 20:02 | Build | Farm |
| 20:03 | Build | Farm |
| 20:33 | Create | Villager (Male) |
| 20:34 | Build | Farm |
| 20:41 | Research | Horse Collar |
| 20:49 | Create | Scout Cavalry |
| 20:51 | Create | Scout Cavalry |
| 21:09 | Create | Scout Cavalry |
| 21:10 | Build | Farm |
| 21:21 | Create | Villager (Male) |
| 21:44 | Create | Villager (Male) |
| 22:00 | Build | Farm |
| 22:16 | Research | Castle Age |
| 22:27 | Create | Villager (Male) |
| 22:38 | Build | Farm |
| 22:45 | Create | Villager (Male) |
| 22:56 | Create | Scout Cavalry |
| 23:27 | Create | Villager (Male) |
Build order — SuperMAARusher
115 actions detected in the replay
| 0:00 | Create | Villager (Male) ×4 |
| 0:01 | Create | Villager (Male) ×4 |
| 0:02 | Build | House |
| 0:03 | Build | House |
| 1:28 | Create | Villager (Male) |
| 1:28 | Create | Villager (Male) |
| 2:01 | Create | Villager (Male) |
| 2:30 | Create | Villager (Male) |
| 2:30 | Create | Villager (Male) |
| 2:36 | Build | Lumber Camp |
| 2:42 | Create | Villager (Male) |
| 2:43 | Create | Villager (Male) |
| 3:18 | Research | Loom |
| 3:19 | Create | Villager (Male) |
| 3:19 | Create | Villager (Male) |
| 3:25 | Create | Villager (Male) |
| 3:26 | Create | Villager (Male) |
| 3:32 | Build | House |
| 4:27 | Create | Villager (Male) |
| 4:48 | Create | Villager (Male) |
| 4:54 | Build | Palisade Wall |
| 4:56 | Create | Villager (Male) |
| 5:07 | Build | Palisade Wall |
| 5:27 | Build | House |
| 5:36 | Create | Villager (Male) |
| 5:48 | Create | Villager (Male) |
| 6:37 | Build | Palisade Wall |
| 6:38 | Build | Palisade Wall |
| 6:51 | Build | Palisade Wall |
| 6:56 | Build | Palisade Wall |
| 6:57 | Build | Palisade Wall |
| 6:59 | Build | Palisade Wall |
| 7:03 | Create | Villager (Male) |
| 7:16 | Create | Villager (Male) |
| 7:47 | Create | Villager (Male) |
| 7:54 | Create | Villager (Male) |
| 8:22 | Build | Mill |
| 8:36 | Create | Villager (Male) |
| 8:42 | Create | Villager (Male) |
| 8:48 | Build | Palisade Wall |
| 9:01 | Build | Palisade Wall |
| 9:16 | Build | Palisade Wall |
| 9:32 | Create | Villager (Male) |
| 10:01 | Create | Villager (Male) |
| 10:01 | Create | Villager (Male) |
| 10:01 | Create | Villager (Male) |
| 10:01 | Create | Villager (Male) |
| 10:03 | Build | House |
| 10:23 | Build | House |
| 10:35 | Build | Town Center |
| 11:21 | Create | Villager (Male) ×4 |
| 11:30 | Build | House |
| 11:45 | Build | Palisade Wall |
| 12:00 | Create | Villager (Male) |
| 12:00 | Create | Villager (Male) |
| 13:09 | Create | Villager (Male) |
| 13:22 | Create | Villager (Male) |
| 13:22 | Create | Villager (Male) |
| 13:23 | Create | Villager (Male) |
| 14:06 | Create | Villager (Male) |
| 15:17 | Build | Palisade Wall |
| 15:37 | Create | Villager (Male) |
| 15:38 | Build | Farm |
| 15:38 | Build | Farm |
| 15:39 | Build | Farm |
| 15:49 | Build | Mill |
| 16:29 | Build | Farm |
| 16:39 | Create | Villager (Male) |
| 16:39 | Create | Villager (Male) |
| 16:39 | Create | Villager (Male) |
| 16:50 | Build | Farm |
| 16:50 | Build | Farm |
| 16:50 | Build | Farm |
| 16:50 | Build | Farm |
| 17:07 | Create | Villager (Male) |
| 17:07 | Create | Villager (Male) |
| 17:16 | Build | Farm |
| 17:18 | Build | Farm |
| 17:21 | Build | Farm |
| 17:23 | Build | Farm |
| 17:34 | Create | Villager (Male) |
| 17:35 | Create | Villager (Male) |
| 17:42 | Create | Villager (Male) |
| 17:42 | Create | Villager (Male) |
| 17:51 | Build | Farm |
| 17:54 | Build | Farm |
| 17:56 | Build | Farm |
| 18:11 | Create | Villager (Male) |
| 18:35 | Create | Villager (Male) |
| 19:12 | Build | Palisade Wall |
| 19:15 | Create | Villager (Male) |
| 19:19 | Build | Farm |
| 19:24 | Build | Farm |
| 19:33 | Build | Mill |
| 19:34 | Build | Farm |
| 19:34 | Build | Farm |
| 19:34 | Build | Farm |
| 19:34 | Build | Farm |
| 19:34 | Build | Farm |
| 19:35 | Build | Farm |
| 20:20 | Research | Feudal Age |
| 20:20 | Research | Feudal Age |
| 21:00 | Build | Mining Camp |
| 21:27 | Create | Villager (Male) |
| 22:30 | Age | Feudal Age |
| 22:34 | Create | Villager (Male) |
| 22:34 | Create | Villager (Male) |
| 22:36 | Build | Market |
| 22:38 | Build | Blacksmith |
| 22:40 | Create | Villager (Male) |
| 22:57 | Research | Double-Bit Axe |
| 23:37 | Create | Villager (Male) |
| 23:43 | Build | Palisade Gate |
| 23:47 | Build | House |
| 24:12 | Create | Villager (Male) |
Build order — DK | Kongen_42
125 actions detected in the replay
| 0:00 | Create | Villager (Male) |
| 0:00 | Create | Villager (Male) |
| 0:01 | Create | Villager (Male) |
| 0:02 | Build | House |
| 0:05 | Build | House |
| 0:35 | Create | Villager (Male) |
| 1:41 | Create | Villager (Male) |
| 1:58 | Create | Villager (Male) |
| 2:00 | Build | Lumber Camp |
| 2:22 | Research | Loom |
| 2:48 | Create | Villager (Male) |
| 3:10 | Create | Villager (Male) |
| 3:23 | Create | Villager (Male) |
| 3:44 | Create | Villager (Male) |
| 4:18 | Create | Villager (Male) |
| 5:04 | Create | Villager (Male) |
| 5:37 | Create | Villager (Male) |
| 5:39 | Build | House |
| 5:47 | Build | Mill |
| 5:52 | Build | House |
| 6:13 | Create | Villager (Male) |
| 6:57 | Create | Villager (Male) |
| 7:42 | Create | Villager (Male) |
| 8:02 | Create | Villager (Male) |
| 8:25 | Create | Villager (Male) |
| 8:40 | Create | Villager (Male) |
| 9:05 | Create | Villager (Male) |
| 9:28 | Create | Villager (Male) |
| 10:16 | Create | Villager (Male) |
| 10:35 | Create | Villager (Male) |
| 10:37 | Build | Mill |
| 10:39 | Build | House |
| 10:56 | Create | Villager (Male) |
| 11:19 | Create | Villager (Male) |
| 11:33 | Create | Villager (Male) |
| 11:37 | Build | Farm |
| 11:52 | Build | Palisade Wall |
| 12:02 | Create | Villager (Male) |
| 12:04 | Build | Farm |
| 12:15 | Create | Villager (Male) |
| 12:18 | Build | Farm |
| 12:19 | Build | Farm |
| 12:51 | Create | Villager (Male) |
| 12:52 | Build | Farm |
| 13:28 | Create | Villager (Male) |
| 13:29 | Build | Farm |
| 13:38 | Build | House |
| 13:44 | Build | Barracks |
| 13:46 | Build | House |
| 13:50 | Research | Feudal Age |
| 14:09 | Build | Palisade Wall |
| 14:23 | Build | Mill |
| 15:03 | Create | Militia |
| 15:09 | Build | Mining Camp |
| 15:23 | Build | Palisade Wall |
| 15:28 | Build | Palisade Wall |
| 15:32 | Build | Palisade Wall |
| 15:34 | Create | Militia |
| 15:35 | Create | Villager (Male) |
| 15:49 | Build | Palisade Wall |
| 16:00 | Create | Militia |
| 16:11 | Age | Feudal Age |
| 16:15 | Create | Villager (Male) |
| 16:21 | Build | Stable |
| 16:26 | Research | Double-Bit Axe |
| 16:53 | Research | Man-at-Arms (upgrade) |
| 17:02 | Create | Villager (Male) |
| 17:03 | Create | Scout Cavalry |
| 17:04 | Create | Scout Cavalry |
| 17:05 | Build | Farm |
| 17:06 | Build | House |
| 17:34 | Create | Villager (Male) |
| 17:36 | Research | Arson |
| 17:40 | Create | Villager (Male) |
| 17:41 | Build | House |
| 17:43 | Build | House |
| 17:57 | Create | Spearman |
| 17:57 | Create | Spearman |
| 17:58 | Create | Villager (Male) |
| 18:00 | Create | Scout Cavalry |
| 18:32 | Create | Villager (Male) |
| 18:33 | Create | Scout Cavalry |
| 18:38 | Research | Horse Collar |
| 18:39 | Build | Farm |
| 19:00 | Create | Scout Cavalry |
| 19:04 | Create | Villager (Male) |
| 19:19 | Create | Scout Cavalry |
| 19:34 | Create | Villager (Male) |
| 19:35 | Build | Farm |
| 19:51 | Create | Villager (Male) |
| 19:54 | Build | Farm |
| 19:55 | Build | Farm |
| 19:55 | Build | Farm |
| 19:57 | Create | Scout Cavalry |
| 20:01 | Create | Spearman |
| 20:08 | Build | Watch Tower |
| 20:17 | Build | House |
| 20:19 | Build | House |
| 20:23 | Research | Wheelbarrow |
| 20:41 | Build | Farm |
| 20:45 | Build | House |
| 20:48 | Build | House |
| 20:49 | Build | House |
| 20:56 | Research | Bloodlines |
| 21:19 | Create | Villager (Male) |
| 21:25 | Build | Blacksmith |
| 21:27 | Build | House |
| 21:29 | Build | Palisade Wall |
| 21:39 | Build | House |
| 21:43 | Build | House |
| 21:48 | Create | Villager (Male) |
| 22:12 | Create | Villager (Male) |
| 22:24 | Research | Forging |
| 22:27 | Create | Scout Cavalry |
| 22:35 | Build | Farm |
| 22:36 | Build | Farm |
| 22:44 | Build | Mining Camp |
| 22:47 | Create | Villager (Male) |
| 22:49 | Build | Farm |
| 22:59 | Create | Villager (Male) |
| 23:17 | Research | Scale Barding Armor |
| 23:17 | Research | Scale Barding Armor |
| 23:17 | Create | Villager (Male) |
| 23:49 | Create | Villager (Male) |
| 24:17 | Build | Mining Camp |
Match timeline
| 4:54 | SuperMAARusher · wall_segment Palisade Wall x4 |
| 5:07 | SuperMAARusher · wall_segment Palisade Wall x4 |
| 6:37 | SuperMAARusher · wall_segment Palisade Wall x3 |
| 6:38 | SuperMAARusher · wall_segment Palisade Wall x1 |
| 6:51 | SuperMAARusher · wall_segment Palisade Wall x1 |
| 6:56 | SuperMAARusher · wall_segment Palisade Wall x3 |
| 6:57 | SuperMAARusher · wall_segment Palisade Wall x3 |
| 6:59 | SuperMAARusher · wall_segment Palisade Wall x3 |
| 8:45 | AgentP_97 · first_building Barracks |
| 8:48 | SuperMAARusher · wall_segment Palisade Wall x1 |
| 9:00 | DK | MF · first_building Barracks |
| 9:01 | SuperMAARusher · wall_segment Palisade Wall x1 |
| 9:05 | DK | MF · wall_segment Palisade Wall x1 |
| 9:16 | SuperMAARusher · wall_segment Palisade Wall x1 |
| 9:45 | AgentP_97 · age_up feudal |
| 9:47 | AgentP_97 · first_building Stable |
| 10:01 | DK | MF · age_up feudal |
| 10:06 | DK | MF · first_building Archery Range |
| 10:09 | DK | Mauseren · first_building Barracks |
| 10:11 | AgentP_97 · wall_segment Palisade Wall x1 |
| 10:13 | AgentP_97 · wall_segment Palisade Wall x3 |
| 10:21 | DK | Mauseren · age_up feudal |
| 10:46 | Deaf Vader · wall_segment Palisade Wall x1 |
| 10:48 | Deaf Vader · wall_segment Palisade Wall x3 |
| 10:49 | Deaf Vader · wall_segment Palisade Wall x7 |
| 10:54 | DK | Mauseren · first_building Stable |
| 11:12 | Deaf Vader · wall_segment Palisade Wall x4 |
| 11:13 | Deaf Vader · wall_segment Palisade Wall x6 |
| 11:14 | Deaf Vader · wall_segment Palisade Wall x5 |
| 11:45 | SuperMAARusher · wall_segment Palisade Wall x1 |
| 11:52 | DK | Kongen_42 · wall_segment Palisade Wall x1 |
| 12:07 | DK | MF · wall_segment Palisade Wall x1 |
| 12:07 | DK | MF · wall_segment Palisade Wall x1 |
| 12:18 | Deaf Vader · wall_segment Palisade Wall x1 |
| 12:19 | Deaf Vader · wall_segment Palisade Wall x1 |
| 12:21 | Deaf Vader · wall_segment Palisade Wall x1 |
| 12:22 | Deaf Vader · wall_segment Palisade Wall x1 |
| 12:25 | Deaf Vader · wall_segment Palisade Wall x1 |
| 12:27 | Deaf Vader · wall_segment Palisade Wall x1 |
| 12:28 | Deaf Vader · wall_segment Palisade Wall x1 |
| 12:50 | Deaf Vader · wall_segment Palisade Wall x1 |
| 12:52 | Deaf Vader · wall_segment Palisade Wall x1 |
| 12:57 | Deaf Vader · wall_segment Palisade Wall x1 |
| 12:59 | Deaf Vader · wall_segment Palisade Wall x1 |
| 13:00 | Deaf Vader · wall_segment Palisade Wall x1 |
| 13:01 | Deaf Vader · wall_segment Palisade Wall x1 |
| 13:04 | Deaf Vader · wall_segment Palisade Wall x1 |
| 13:21 | Deaf Vader · wall_segment Palisade Wall x1 |
| 13:22 | Deaf Vader · wall_segment Palisade Wall x4 |
| 13:24 | Deaf Vader · wall_segment Palisade Wall x5 |
| 13:44 | DK | Kongen_42 · first_building Barracks |
| 13:45 | DK | MF · wall_segment Palisade Wall x1 |
| 13:46 | DK | MF · wall_segment Palisade Wall x1 |
| 13:49 | DK | MF · wall_segment Palisade Wall x1 |
| 13:50 | DK | MF · wall_segment Palisade Wall x1 |
| 13:51 | DK | MF · wall_segment Palisade Wall x1 |
| 13:53 | DK | MF · wall_segment Palisade Wall x1 |
| 13:54 | DK | MF · wall_segment Palisade Wall x1 |
| 13:54 | DK | MF · wall_segment Palisade Wall x1 |
| 14:09 | DK | Kongen_42 · wall_segment Palisade Wall x3 |
| 14:16 | Deaf Vader · wall_segment Palisade Wall x1 |
| 14:20 | Deaf Vader · wall_segment Palisade Wall x7 |
| 14:30 | Deaf Vader · wall_segment Palisade Wall x1 |
| 14:32 | Deaf Vader · wall_segment Palisade Wall x4 |
| 14:40 | Deaf Vader · wall_segment Palisade Wall x1 |
| 15:04 | Deaf Vader · wall_segment Palisade Wall x1 |
| 15:09 | Deaf Vader · wall_segment Palisade Wall x1 |
| 15:10 | Deaf Vader · wall_segment Palisade Wall x1 |
| 15:16 | Deaf Vader · wall_segment Palisade Wall x1 |
| 15:17 | SuperMAARusher · wall_segment Palisade Wall x1 |
| 15:23 | DK | Kongen_42 · wall_segment Palisade Wall x1 |
| 15:28 | DK | Kongen_42 · wall_segment Palisade Wall x2 |
| 15:32 | DK | Kongen_42 · wall_segment Palisade Wall x1 |
| 15:41 | Deaf Vader · wall_segment Palisade Wall x1 |
| 15:42 | Deaf Vader · wall_segment Palisade Wall x3 |
| 15:49 | DK | Kongen_42 · wall_segment Palisade Wall x1 |
| 15:49 | DK | MF · wall_segment Palisade Wall x1 |
| 15:56 | Deaf Vader · wall_segment Palisade Wall x1 |
| 15:57 | Deaf Vader · wall_segment Palisade Wall x4 |
| 16:11 | DK | Kongen_42 · age_up feudal |
| 16:21 | DK | Kongen_42 · first_building Stable |
| 17:18 | AgentP_97 · wall_segment Palisade Wall x1 |
| 17:20 | Deaf Vader · wall_segment Palisade Wall x1 |
| 17:37 | Deaf Vader · wall_segment Palisade Wall x1 |
| 17:43 | Deaf Vader · wall_segment Palisade Wall x1 |
| 17:44 | Deaf Vader · wall_segment Palisade Wall x3 |
| 17:46 | Deaf Vader · wall_segment Palisade Wall x1 |
| 18:12 | Deaf Vader · wall_segment Palisade Wall x1 |
| 18:13 | Deaf Vader · wall_segment Palisade Wall x1 |
| 18:14 | Deaf Vader · wall_segment Palisade Wall x1 |
| 18:25 | Deaf Vader · wall_segment Palisade Wall x1 |
| 18:26 | Deaf Vader · wall_segment Palisade Wall x1 |
| 18:35 | Deaf Vader · wall_segment Palisade Wall x1 |
| 18:54 | Deaf Vader · wall_segment Palisade Wall x1 |
| 18:55 | Deaf Vader · wall_segment Palisade Wall x1 |
| 19:12 | SuperMAARusher · wall_segment Palisade Wall x1 |
| 19:18 | Deaf Vader · wall_segment Palisade Wall x1 |
| 19:22 | DK | Mauseren · wall_segment Palisade Wall x1 |
| 19:23 | Deaf Vader · wall_segment Palisade Wall x1 |
| 19:32 | Deaf Vader · wall_segment Palisade Wall x1 |
| 19:37 | Deaf Vader · wall_segment Palisade Wall x1 |
| 19:55 | Deaf Vader · wall_segment Palisade Wall x1 |
| 20:07 | Deaf Vader · wall_segment Palisade Wall x1 |
| 20:16 | Deaf Vader · wall_segment Palisade Wall x1 |
| 20:28 | Deaf Vader · wall_segment Palisade Wall x1 |
| 20:29 | Deaf Vader · wall_segment Palisade Wall x1 |
| 20:33 | Deaf Vader · wall_segment Palisade Wall x1 |
| 20:46 | Deaf Vader · wall_segment Palisade Wall x4 |
| 20:59 | Deaf Vader · wall_segment Palisade Wall x1 |
| 21:29 | DK | Kongen_42 · wall_segment Palisade Wall x10 |
| 21:51 | AgentP_97 · wall_segment Palisade Wall x1 |
| 21:54 | AgentP_97 · wall_segment Palisade Wall x1 |
| 21:58 | DK | MF · wall_segment Palisade Wall x1 |
| 22:00 | DK | MF · wall_segment Palisade Wall x1 |
| 22:01 | DK | MF · wall_segment Palisade Wall x1 |
| 22:30 | SuperMAARusher · age_up feudal |
| 23:00 | Deaf Vader · wall_segment Palisade Wall x1 |
| 23:04 | Deaf Vader · wall_segment Palisade Wall x1 |
| 23:09 | Deaf Vader · wall_segment Palisade Wall x4 |
| 23:28 | Deaf Vader · wall_segment Palisade Wall x1 |
| 23:29 | Deaf Vader · wall_segment Palisade Wall x1 |
| 23:31 | Deaf Vader · wall_segment Palisade Wall x1 |
| 23:32 | Deaf Vader · wall_segment Palisade Wall x1 |
| 23:33 | Deaf Vader · age_up feudal |
| 23:33 | Deaf Vader · wall_segment Palisade Wall x1 |
| 23:58 | Deaf Vader · wall_segment Palisade Wall x1 |
| 23:58 | Deaf Vader · wall_segment Palisade Wall x1 |
| 24:01 | Deaf Vader · wall_segment Palisade Wall x1 |
| 24:02 | Deaf Vader · wall_segment Palisade Wall x1 |
| 24:03 | Deaf Vader · wall_segment Palisade Wall x1 |
| 24:21 | Deaf Vader · wall_segment Stone Wall x1 |
| 24:22 | Deaf Vader · wall_segment Stone Wall x1 |
| 24:22 | AgentP_97 · resign |
[ AI ANALYSIS · 1 CREDIT ]
What really happened in this match?
Wolo.gg analyzes every decision: build order, eco, micro, common mistakes by bracket. Personalized analysis on WhatsApp or Discord in 30 seconds.
Civ guide
Magyars
Perfil
Deaf Vader